 Dungeon Crawl Stone Soup version 0.31-a0-569-g7ea453304b (console) character file.

Game seed: 10544159444218465019

56499 Lexodia the Destroyer (level 14, -3/87 HPs)
             Began as a Tengu Air Elementalist on Aug 18, 2023.
             Was a High Priest of Vehumet.
             Slain by a death yak (14 damage)
             ... on level 5 of the Lair of Beasts.
             The game lasted 01:13:28 (25561 turns).

Lexodia the Destroyer (Tengu Air Elementalist)     Turns: 25561, Time: 01:13:36

Health: -3/87      AC:  6    Str:  9    XL:     14   Next: 82%
Magic:  6/40       EV: 20    Int: 20    God:    Vehumet [*****.]
Gold:   1994       SH:  5    Dex: 15    Spells: 7/37 levels left

rFire   + . .        a - staff of air
rCold   + + +        (no shield)
rNeg    . . .        K - +1 robe {rC+ rF+}
rPois   .            (helmet restricted)
rElec   +            P - scarf {rC+ rF+}
rCorr   .            o - +2 pair of gloves {hurl}
SInv    .            (boots unavailable)
Will    +....        F - amulet of reflection
Stlth   +++          H - ring of magical power
HPRegen 0.34/turn    l - ring of ice
MPRegen 0.27/turn

%: reflection
@: about to teleport, marked, spiked, flying quickly and evasively, quick
A: beak, talons 3, nimble flight
a: Renounce Religion


You were on level 5 of the Lair of Beasts.
You worshipped Vehumet.
Vehumet was extremely pleased with you.
You visited 3 branches of the dungeon, and saw 19 of its levels.
You also visited: Gauntlet.

You collected 2505 gold pieces.
You spent 511 gold pieces at shops.

Inventory:

Missiles
 v - a throwing net
 S - 12 javelins
Armour
 o - a +2 pair of gloves of hurling (worn)
 K - a +1 robe of resistance (worn)
 P - a scarf of resistance (worn)
Magical Staves
 a - a staff of air (weapon)
 R - the staff of Starshine {Fragile rElec rN+ Dex+2 Necro}
   (You found it in a Gauntlet)

   [staff of death]

   Base accuracy: +5 Base damage: 5 Base attack delay: 1.2 This weapon's minimum
   attack delay (0.6) is reached at skill level 12.
   Dex+2:     It affects your dexterity (+2).
   rElec:     It insulates you from electricity.
   rN+:       It protects you from negative energy.
   Fragile:   It will be destroyed if unequipped.
   Necro:     It increases the power of your Necromancy spells.
   It falls into the 'Staves' category.
   It is a one-handed weapon.
Jewellery
 h - a +5 ring of evasion
 l - a ring of ice (right hand)
 n - an amulet of guardian spirit
 s - a ring of magical power
 u - the ring "Fuizauv" {rCorr Slay+4}
   (You found it in a Gauntlet)

   [ring of slaying]

   Slay+4:    It affects your accuracy & damage with ranged weapons and melee
   (+4).
   rCorr:     It protects you from acid and corrosion.
 F - an amulet of reflection (around neck)
 H - a ring of magical power (left hand)
 M - the ring of Houvuiss {rPois rF++ Will- AC+4 SInv}
   (You found it on level 12 of the Dungeon)

   [ring of protection]

   AC+4:      It affects your AC (+4).
   rF++:      It greatly protects you from fire.
   rPois:     It protects you from poison Will-: It decreases your willpower.
   SInv:      It lets you see invisible.
Wands
 w - a wand of flame (58)
 z - a wand of digging (8)
 A - a wand of mindburst (4)
 N - a wand of iceblast (9)
 V - a wand of acid (6)
Scrolls
 c - 2 scrolls of vulnerability
 e - 2 scrolls of poison
 g - a scroll of summoning
 k - 6 scrolls of teleportation
 p - a scroll of blinking
 r - 4 scrolls of amnesia
 x - 5 scrolls of fog
 C - a scroll of immolation
 J - a scroll of silence
 O - 2 scrolls of fear
 U - a scroll of revelation
 W - a scroll of torment {unknown}
Potions
 b - 3 potions of magic
 d - 3 potions of haste
 f - 6 potions of might
 i - 7 potions of curing
 j - 3 potions of invisibility
 m - 7 potions of ambrosia
 q - 2 potions of heal wounds
 t - a potion of lignification {unknown}
 E - 4 potions of attraction
 G - a potion of brilliance {unknown}
 I - 4 potions of mutation
 Q - a potion of berserk rage {unknown}
 X - 2 potions of enlightenment {unknown}
Miscellaneous
 T - a sack of spiders


   Skills:
 + Level 9.8 Fighting
 + Level 9.2 Staves
 - Level 10.0 Dodging
 - Level 6.0 Stealth
 - Level 12.0 Spellcasting
 - Level 13.0 Conjurations
 - Level 5.0 Ice Magic
 - Level 13.0 Air Magic
 - Level 2.0 Poison Magic
 - Level 4.0 Evocations


You had 7 spell levels left.
You knew the following spells:

 Your Spells              Type           Power      Damage    Failure   Level
a - Shock                 Conj/Air       100%       1d9       1%          1
b - Static Discharge      Conj/Air       100%       2-7/arc   1%          2
c - Swiftness             Air            77%        N/A       1%          3
d - Airstrike             Air            38%        2d(6-22)  1%          4
e - Mephitic Cloud        Conj/Pois/Air  65%        N/A       1%          3
f - Freezing Cloud        Conj/Ice/Air   44%        6-21      1%          5
g - Hailstorm             Conj/Ice       64%        3d14      1%          3
j - Arcjolt               Conj/Air       38%        1d48      1%          5
s - Sticky Flame          Conj/Fire      38%        2d6       1%          4

Your spell library contained the following spells:

 Spells                   Type           Power      Damage    Failure   Level
 Yara's Violent Unravell  Hex/Tmut       6%         3d5       36%         5
 Magic Dart               Conj           100%       1d8       1%          1
 Cigotuvi's Dreadful Rot  Necr/Pois/Air  96%        N/A       1%          2
 Frozen Ramparts          Ice            96%        1d15      1%          3
 Vhi's Electric Charge    Tloc/Air       100%       N/A       1%          3
 Flame Wave               Conj/Fire      38%        2d10      1%          4
 Iskenderun's Mystic Bla  Conj/Tloc      38%        2d9       1%          4
 Ensorcelled Hibernation  Hex/Ice        66%        N/A       3%          2
 Ignite Poison            Fire/Tmut/Pois 14%        N/A       3%          3
 Irradiate                Conj/Tmut      19%        3d18      3%          5
 Inner Flame              Hex/Fire       12%        N/A       4%          3
 Apportation              Tloc           24%        N/A       5%          1
 Necrotise                Necr           48%        1d6       5%          1
 Summon Small Mammal      Summ           48%        N/A       5%          1
 Orb of Destruction       Conj           29%        9d9       6%          7
 Call Imp                 Summ           24%        N/A       9%          2
 Passwall                 Tmut/Erth      10%        N/A       9%          2
 Portal Projectile        Hex/Tloc       24%        N/A       17%         3
 Summon Guardian Golem    Hex/Summ       12%        N/A       17%         3
 Tukima's Dance           Hex            12%        N/A       17%         3
 Vampiric Draining        Necr           12%        2d6       17%         3
 Summon Ice Beast         Ice/Summ       33%        N/A       21%         4
 Animate Dead             Necr           12%        N/A       50%         4
 Dispel Undead            Necr           12%        3d9       50%         4
 Petrify                  Tmut/Erth      12%        N/A       50%         4
 Metabolic Englaciation   Hex/Ice        16%        N/A       50%         5
 Spellforged Servitor     Conj/Summ      19%        N/A       58%         7
 Alistair's Intoxication  Tmut/Pois      10%        N/A       71%         5
 Eringya's Noxious Bog    Tmut/Pois      8%         4d6       78%         6
 Agony                    Necr           12%        N/A       83%         5
 Summon Forest            Summ/Tloc      6%         N/A       83%         5
 Simulacrum               Ice/Necr       16%        N/A       97%         6
 Death Channel            Necr           6%         N/A       100%        6
 Haunt                    Necr/Summ      6%         N/A       100%        7
 Summon Hydra             Summ           6%         N/A       100%        7
 Maxwell's Capacitive Co  Air            38%        ∞         41%         8
 Infestation              Necr           6%         N/A       100%        8


Dungeon Overview and Level Annotations

Branches:
Dungeon (13/15)            Temple (1/1) D:4            Lair (5/5) D:11
 Shoals (0/4) Lair:2        Snake (0/4) Lair:3        Slime (0/5) Lair:4
    Orc (0/2) D:11        Gauntlet (visited)
 Vaults: D:13-14

Altars:
Ashenzari
Cheibriados
Dithmenos
Elyvilon
Fedhas
Gozag
Hepliaklqana
Kikubaaqudgha
Makhleb
Nemelex Xobeh
Okawaru
Qazlal
Ru
Sif Muna
Trog
Uskayaw
Vehumet
Wu Jian
Xom
Yredelemnul
Zin
The Shining One
Jiyva

Shops:
D:4 *   D:8 :   D:10 [

Portals:
Trove: D:11 (give +4 shadow dragon scales)


Innate Abilities, Weirdness & Mutations

You have a beak for a mouth.
You have claws for feet.
Your magical nature lets you fly swiftly and evasively.


Message History

Item here: a yak corpse.
The floor.
Unknown command.
Casting: Arcjolt (mildly dangerous; 1% risk of failure)
Confirm with . or Enter, or press ? or * to list all spells.
You feel a surge of power!
The death yak is struck by an arc of lightning.
The death yak is severely wounded.
You resist.
You are struck by an arc of lightning.
The death yak is struck by an arc of lightning!
The death yak is almost dead.
You resist.
You are struck by an arc of lightning.
The lightning grounds out.
The wolf is engulfed in freezing vapours.
The yak is engulfed in freezing vapours.
You kill the yak!
Vehumet accepts your kill.
You feel your power returning.
The death yak is engulfed in freezing vapours.
The catoblepas is engulfed in freezing vapours.
A water moccasin comes into view.
The death yak is engulfed in freezing vapours.
The death yak gores you!!
* * * LOW HITPOINT WARNING * * *
The wolf is engulfed in freezing vapours.
The rime drake is engulfed in freezing vapours.
Huge Dmg: -31%(-27hp) hp: 12%(10hp) Unknown command.
As you read the scroll of fear, it crumbles to dust.
You assume a fearsome visage.
The death yak resists with some effort.
The catoblepas looks frightened!
The death yak resists with almost no effort.
The wolf looks frightened!
The water moccasin looks frightened!
The cane toad looks frightened!
The rime drake looks frightened!
The wolf is engulfed in freezing vapours.
You kill the wolf!
Vehumet accepts your kill.
You feel your power returning.
The death yak is engulfed in freezing vapours. x2
The death yak gores you!
You die...

## .# .## # #..# #
..# ## #..## .#
#.P..# ###
.###.PP..# ##.###
.........# ##§.§@##
.........# #§..§°Y##
.##....#..###F.§.Y§#
###...## #k○##.§Y§.#
###....# #.h.###§###
#P#....#
##S..#######
......###.
##...###.P#
.....###..
##......##
..P...†...
##......###


You could see 2 death yaks, a catoblepas (fleeing), a cane toad (fleeing), a
rime drake (fleeing), a water moccasin (fleeing) and a wolf.

Vanquished Creatures
  Kirke (D:12)
  Nessos (Lair:3)
  A minotaur (Gauntlet)
  Josephine (D:12)
  Fannar (Lair:1)
  An ice dragon (Lair:2)
  A hydra (Lair:5)
  Harold (Lair:1)
  7 two-headed ogres
  2 catoblepae
  A boulder beetle (Lair:5)
  A tengu warrior (D:11)
  3 death yaks (Lair:5)
  Sonja (Lair:1)
  A fire crab (Gauntlet)
  A skyshark (Lair:5)
  The ghost of gyole the Changeling, a novice OpSh of Elyvilon (D:7)
  A deep elf pyromancer (D:12)
  3 cyclopes
  An ugly thing (D:10)
  3 manticores
  2 centaur zombies (D:12)
  3 black mambas
  2 ice statues
  11 cane toads
  A gargoyle (D:12)
  3 rime drakes
  A kobold demonologist (D:10)
  7 komodo dragons
  2 queen bees
  4 trolls
  2 polar bears
  A raiju (Gauntlet)
  3 hornets
  6 dream sheep (Lair:3)
  A snapping turtle (Lair:2)
  Sigmund (D:7)
  2 slime creatures (D:10)
  3 shadows
  2 wyverns
  A human (D:12)
  7 wraiths
  57 yaks
  5 basilisks
  3 vampires
  5 fire bats (Gauntlet)
  2 hogs (D:12)
  3 steam dragons
  4 vampire mosquitoes (D:11)
  Edmund (D:7)
  8 nagas (Lair:3)
  2 acid dragons
  12 water moccasins
  A hell hound (Gauntlet)
  A black bear (Lair:3)
  3 sky beasts (D:7)
  4 orc warriors
  14 ice beasts
  4 ogres
  16 wolves
  6 centaurs
  7 kobold brigands
  A scorpion (D:4)
  13 bullfrogs
  10 wights
  39 killer bees
  3 howler monkeys
  8 electric eels
  3 lava snakes (Lair:1)
  5 orc priests
  8 hounds
  Jessica (D:2)
  3 sleepcaps
  Natasha (thrice) (D:2)
  8 iguanas
  13 orc wizards
  Terence (D:2)
  7 gnolls
  5 adders
  2 shadow imps
  3 white imps (Lair:2)
  3 ufetubi
  3 worms
  2 dart slugs (D:1)
  32 orcs
  4 ball pythons
  8 endoplasms
  2 giant cockroaches
  4 goblins
  9 hobgoblins
  2 jackals (D:5)
  5 quokkas
  7 bats
  3 frilled lizards
  21 kobolds
  4 rats
502 creatures vanquished.

Vanquished Creatures (collateral kills)
  A howler monkey (D:8)
1 creature vanquished.

Vanquished Creatures (others)
  A human (D:12)
1 creature vanquished.

Grand Total: 504 creatures vanquished

Notes
Turn   | Place    | Note
-------+----------+-------------------------------------------
     0 | D:1      | Lexodia the Tengu Air Elementalist began the quest for the
                  | Orb.
     0 | D:1      | Reached XP level 1. HP: 10/10 MP: 4/4
   112 | D:1      | Huge Dmg: 4 dmg
   319 | D:1      | Reached XP level 2. HP: 15/15 MP: 3/6
   555 | D:1      | Reached XP level 3. HP: 19/19 MP: 2/7
  1143 | D:1      | Learned a level 2 spell: Static Discharge
  1147 | D:1      | Learned a level 3 spell: Swiftness
  1284 | D:2      | Huge Dmg: 4 dmg
  1505 | D:2      | Noticed Terence
  1507 | D:2      | Noticed Jessica
  1514 | D:2      | Huge Dmg: 7 dmg
  1516 | D:2      | Huge Dmg: 10 dmg
  1516 | D:2      | Killed Terence
  1517 | D:2      | Reached skill level 5 in Air Magic
  1517 | D:2      | Reached XP level 4. HP: 1/24 MP: 1/9
  1517 | D:2      | Huge Dmg: 2 dmg
  1733 | D:2      | Noticed Natasha
  1740 | D:2      | Killed Natasha
  1778 | D:2      | Noticed Natasha
  1789 | D:2      | Killed Natasha
  1790 | D:2      | Gained mutation: Your magical nature lets you fly swiftly
                  | and evasively. [Tengu growth]
  1790 | D:2      | Reached XP level 5. HP: 28/28 MP: 1/10
  1928 | D:2      | Learned a level 4 spell: Airstrike
  2012 | D:2      | Killed Jessica
  2063 | D:2      | Noticed Natasha
  2065 | D:2      | Huge Dmg: 9 dmg
  2066 | D:2      | Huge Dmg: 9 dmg
  2067 | D:2      | Huge Dmg: 2 dmg
  2067 | D:2      | Killed Natasha
  3156 | D:4      | Found Nostriov's Neck Hole.
  3159 | D:4      | Bought a +0 cloak for 63 gold pieces
  3312 | D:4      | Huge Dmg: 8 dmg
  3313 | D:4      | Reached skill level 1 in Ice Magic
  3313 | D:4      | Reached XP level 6. HP: 21/32 MP: 5/12
  3502 | D:4      | Found a staircase to the Ecumenical Temple.
  3565 | Temple   | Entered the Ecumenical Temple
  3573 | Temple   | Became a worshipper of Vehumet
  3647 | D:4      | Found a stormy altar of Qazlal.
  3662 | D:4      | Found an ancient bone altar of Kikubaaqudgha.
  4087 | D:4      | Reached XP level 7. HP: 33/36 MP: 2/14
  4187 | D:4      | You are sucked into a shaft and drop 2 floors!
  4286 | D:5      | Entered Level 5 of the Dungeon
  4288 | D:5      | Reached skill level 5 in Conjurations
  4506 | D:6      | Learned a level 3 spell: Mephitic Cloud
  4508 | D:6      | Found a burning altar of Makhleb.
  4527 | D:6      | Reached skill level 1 in Poison Magic
  4528 | D:6      | Huge Dmg: 8 dmg
  4741 | D:6      | Found a sacrificial altar of Ru.
  4847 | D:6      | Huge Dmg: 11 dmg
  4850 | D:6      | Huge Dmg: 6 dmg
  5118 | D:6      | Reached XP level 8. HP: 39/41 MP: 9/16
  5131 | D:6      | Huge Dmg: 15 dmg
  5505 | D:6      | Reached skill level 5 in Spellcasting
  6076 | D:5      | Reached * piety under Vehumet
  6076 | D:5      | Offered knowledge of Foxfire by Vehumet.
  6084 | D:5      | Learned a level 5 spell: Freezing Cloud
  6495 | D:5      | Huge Dmg: 17 dmg
  6788 | D:5      | Reached XP level 9. HP: 45/45 MP: 11/19
  7782 | D:7      | Noticed gyole's ghost (novice OpSh)
  7799 | D:7      | Huge Dmg: 14 dmg
  7807 | D:7      | Noticed Sigmund
  8184 | D:7      | Noticed Edmund
  8191 | D:7      | Killed Edmund
  8896 | D:8      | Noticed a hornet
  8898 | D:8      | Killed a hornet
  8903 | D:8      | Reached ** piety under Vehumet
  9011 | D:7      | Found a sparkling altar of Nemelex Xobeh.
  9020 | D:7      | Killed Sigmund
  9281 | D:7      | Found a runed translucent door.
  9324 | D:7      | Offered knowledge of Scorch by Vehumet.
  9672 | D:7      | Huge Dmg: 8 dmg
  9673 | D:7      | Huge Dmg: 12 dmg
  9674 | D:7      | Killed gyole's ghost
  9675 | D:7      | Reached XP level 10. HP: 21/50 MP: 6/23
  9856 | D:8      | Huge Dmg: 17 dmg
 10107 | D:8      | Noticed a two-headed ogre
 10117 | D:8      | Killed a two-headed ogre
 10216 | D:8      | Reached skill level 10 in Spellcasting
 10488 | D:8      | Learned a level 3 spell: Hailstorm
 10494 | D:8      | Learned a level 5 spell: Arcjolt
 10565 | D:8      | Found a white marble altar of Elyvilon.
 10566 | D:8      | Found a glowing silver altar of Zin.
 10743 | D:8      | Found Hyimedes's Book Emporium.
 10889 | D:8      | Found a hazy altar of Hepliaklqana.
 11071 | D:9      | Offered knowledge of Poisonous Vapours by Vehumet.
 11211 | D:9      | Huge Dmg: 14 dmg
 11521 | D:9      | Noticed a two-headed ogre
 11530 | D:9      | Killed a two-headed ogre
 11661 | D:9      | Reached *** piety under Vehumet
 11922 | D:9      | Learned a level 4 spell: Sticky Flame
 11934 | D:10     | Entered Level 10 of the Dungeon
 11950 | D:10     | Reached XP level 11. HP: 44/54 MP: 13/26
 11952 | D:10     | Huge Dmg: 10 dmg
 11953 | D:10     | Reached skill level 10 in Conjurations
 11953 | D:10     | Reached skill level 5 in Ice Magic
 11953 | D:10     | Reached skill level 10 in Air Magic
 12252 | D:10     | Offered knowledge of Dazzling Flash by Vehumet.
 12393 | D:10     | Reached skill level 1 in Fighting
 12554 | D:10     | Noticed a purple ugly thing
 12564 | D:10     | Killed a purple ugly thing
 12644 | D:10     | Huge Dmg: 12 dmg
 12824 | D:10     | Found Uloq's Antique Armour Boutique.
 13015 | D:4      | Bought a scarf of resistance for 448 gold pieces
 13279 | D:10     | Noticed a two-headed ogre
 13282 | D:10     | Killed a two-headed ogre
 13596 | D:10     | Noticed a cyclops
 13603 | D:10     | Killed a cyclops
 13710 | D:10     | Noticed a manticore
 13723 | D:10     | Reached **** piety under Vehumet
 13837 | D:10     | Huge Dmg: 20 dmg
 13837 | D:10     | Killed a manticore
 13838 | D:10     | Reached skill level 5 in Dodging
 13839 | D:10     | Huge Dmg: 6 dmg
 13840 | D:10     | Huge Dmg: 8 dmg
 13841 | D:10     | Huge Dmg: 11 dmg
 13843 | D:10     | Huge Dmg: 11 dmg
 13871 | D:10     | Reached skill level 5 in Stealth
 13871 | D:10     | Reached XP level 12. HP: 27/66 MP: 3/28
 14133 | D:10     | Noticed a two-headed ogre
 14141 | D:10     | Killed a two-headed ogre
 14155 | D:10     | Identified the +1 ring mail of Oppun {rC+}
 14580 | D:11     | Identified a scroll of acquirement
 14582 | D:11     | Acquired a staff of air
 14659 | D:11     | Noticed a two-headed ogre
 14664 | D:11     | Killed a two-headed ogre
 14665 | D:11     | Reached skill level 5 in Fighting
 14665 | D:11     | Reached skill level 1 in Staves
 14757 | D:11     | Found a portal to a secret trove of treasure.
 14809 | D:11     | Found a staircase to the Lair.
 14814 | D:11     | Offered knowledge of Fulminant Prism by Vehumet.
 14818 | D:11     | Huge Dmg: 13 dmg
 14829 | D:11     | Reached skill level 1 in Evocations
 14881 | D:11     | Found a gate leading to a gauntlet.
 14885 | Gauntlet | Entered a Gauntlet
 14885 | Gauntlet | Found a transporter.
 14977 | Gauntlet | Found a transporter.
 14979 | Gauntlet | Found a transporter.
 14989 | Gauntlet | Found a runed translucent gate.
 14990 | Gauntlet | Found a runed translucent gate.
 14990 | Gauntlet | Found a transporter.
 14993 | Gauntlet | Found a transporter.
 15001 | Gauntlet | Found a transporter.
 15022 | Gauntlet | Found a transporter.
 15034 | Gauntlet | Found a transporter.
 15046 | Gauntlet | Found a transporter.
 15065 | Gauntlet | Found a transporter.
 15066 | Gauntlet | Noticed a wretched star
 15079 | Gauntlet | Found a transporter.
 15079 | Gauntlet | Found a transporter.
 15147 | Gauntlet | Found a transporter.
 15149 | Gauntlet | Found a transporter.
 15186 | Gauntlet | Found a runed translucent gate.
 15244 | Gauntlet | Huge Dmg: 9 dmg
 15473 | Gauntlet | Huge Dmg: 27 dmg
 15484 | Gauntlet | Huge Dmg: 10 dmg
 15491 | Gauntlet | Huge Dmg: 7 dmg
 15678 | Gauntlet | Identified the ring "Fuizauv" {rCorr Slay+4}
 15680 | Gauntlet | Identified the staff of Starshine {Fragile rElec rN+ Dex+2
                  | Necro}
 15692 | Gauntlet | Noticed a minotaur
 15700 | Gauntlet | Huge Dmg: 34 dmg
 15700 | Gauntlet | Killed a minotaur
 16010 | D:11     | Found a staircase to the Orcish Mines.
 16290 | D:11     | Got the Volume of Variation
 16385 | D:11     | Noticed a tengu warrior
 16392 | D:11     | Killed a tengu warrior
 16642 | D:12     | Identified the ring of Houvuiss {rPois rF++ Will- AC+4
                  | SInv}
 16703 | D:12     | Noticed a two-headed ogre
 16709 | D:12     | Killed a two-headed ogre
 16837 | D:12     | Noticed a two-headed ogre
 16840 | D:12     | Killed a two-headed ogre
 16841 | D:12     | Reached skill level 5 in Staves
 16841 | D:12     | Reached XP level 13. HP: 76/76 MP: 29/29
 16921 | D:12     | Reached ***** piety under Vehumet
 16937 | D:12     | Noticed Josephine
 17499 | D:12     | Noticed Kirke
 17509 | D:12     | Killed Kirke
 17509 | D:12     | Offered knowledge of Conjure Ball Lightning by Vehumet.
 18507 | D:12     | Killed Josephine
 19157 | Lair:1   | Entered Level 1 of the Lair of Beasts
 19548 | Lair:1   | Noticed Sonja
 19550 | Lair:1   | Killed Sonja
 20116 | Lair:1   | Noticed Fannar
 20126 | Lair:1   | Killed Fannar
 20355 | Lair:1   | Noticed Harold
 20359 | Lair:1   | Killed Harold
 20944 | Lair:2   | Noticed an ice dragon
 20954 | Lair:2   | Killed an ice dragon
 21484 | Lair:2   | Found a staircase to the Shoals.
 21561 | Lair:2   | Offered knowledge of Leda's Unmaking by Vehumet.
 21562 | Lair:2   | Reached XP level 14. HP: 78/84 MP: 12/30
 22035 | Lair:2   | Huge Dmg: 16 dmg
 22037 | Lair:2   | Huge Dmg: 11 dmg
 23070 | Lair:3   | Noticed Nessos
 23072 | Lair:3   | Huge Dmg: 17 dmg
 23073 | Lair:3   | Huge Dmg: 51 dmg
 23078 | Lair:3   | Killed Nessos
 23670 | Lair:3   | Found a staircase to the Snake Pit.
 23816 | Lair:4   | Acquired 1108 gold pieces
 24003 | Lair:4   | Reached skill level 10 in Dodging
 24097 | Lair:4   | Found a shimmering altar of Xom.
 24305 | Lair:4   | Found a viscous altar of Jiyva.
 24312 | Lair:4   | Found a staircase to the Slime Pits.
 24577 | Lair:5   | Entered Level 5 of the Lair of Beasts
 25458 | Lair:5   | Huge Dmg: 18 dmg
 25546 | Lair:5   | Offered knowledge of Yara's Violent Unravelling by Vehumet.
 25555 | Lair:5   | Huge Dmg: 17 dmg
 25561 | Lair:5   | Huge Dmg: 27 dmg
 25561 | Lair:5   | Slain by a death yak

Illustrated notes

Levels and vault maps discovered:
D:1:      erik_arrival_orb_chamber, layout_basic, minmay_misc_feat_four_crosses
D:2:      layout_loops_ring, chequers_arboretum, uniq_natasha, uniq_terence,
          uniq_jessica
D:3:      layout_basic, wander_ebering_terrifying_dragon_lair
D:4:      layout_basic, mainiacjoe_overflow_brackets,
          mainiacjoe_overflow_six_doors_small, minmay_temple_entry_trees,
          nicolae_shop_sticking_my_neck_out
D:5:      layout_basic, patterned_corridor
D:6:      layout_loops_corners, nicolae_overflow_hidden_temple,
          marbit_many_paths
D:7:      layout_basic, nemelex_diamond_rough_becter,
          hellmonk_ghost_happy_afterlife, kb_lookout_dungeons_type,
          kennysheep_cluttered_room, nicolae_hexahallways,
          sigmund_edmund_badplayer
D:8:      nicolae_cairo_tiling_large, layout_basic,
          mainiacjoe_overflow_alcove_2, nicolae_overflow_two_pavilions,
          serial_shops, kennysheep_little_box
D:9:      layout_cave_pools, library_closet
D:10:     layout_rooms, serial_shops, shop, st_stairs_9, grunt_ministairs_10,
          hex_intersection, nzn_random_ring
D:11:     layout_cave_pools, hellmonk_lair_entry_icy, orc_0_dummy,
          gauntlet_entry_generic, nicolae_trove_entry_columns,
          hangedman_decor_lopped
D:12:     layout_basic, serial_undead, serial_undead_c, serial_undead_c,
          serial_undead_e, serial_undead_c, uniq_kirke, uniq_josephine
D:13:     layout_rooms, hellmonk_vaults_order_and_chaos, minmay_checkerbox
Temple:   eino_narrow_crystal_temple
Lair:1:   beast_lair_carwin_large_2, layout_small_grid,
          eino_small_chamber_without_monster, nicolae_lair_liquid_snakes,
          uniq_sonja, uniq_fannar, uniq_harold
Lair:2:   layout_roguey [special_room_bee], minmay_shoals_entry_hut,
          ice2_lemuel, infiniplex_staircase_pool_2, lemuel_fruit_tree,
          serial_bayou_shore_a
Lair:3:   layout_misc_corridors, minmay_snake_entry_guardpost_medium,
          uniq_nessos
Lair:4:   layout_hall_layers, slime_entry_1, basic_altar
Lair:5:   evilmike_catoblepas_cave, layout_small_grid, nzn_sisyphean_effort

Skill      XL: |  1  2  3  4  5  6  7  8  9 10 11 12 13 14 |
---------------+-------------------------------------------+-----
Conjurations   | 2 3 4 5 8 9 11 13 | 13.0
Air Magic      | 5 6 7 8 9 11 13 | 13.0
Spellcasting   | 3 4 6 8 10 11 12 | 12.0
Ice Magic      | 1 2 4 5 |  5.0
Poison Magic   | 1 2 |  2.0
Fighting       | 4 6 8 9 |  9.8
Dodging        | 5 7 9 10 | 10.0
Stealth        | 5 6 |  6.0
Staves         | 5 7 9 |  9.2
Evocations     | 4 |  4.0

Action                     |  1- 3 |  4- 6 |  7- 9 | 10-12 | 13-15 || total
---------------------------+-------+-------+-------+-------+-------++-------
  Melee: Unarmed           |    10 |     3 |       |       |       ||    13
         Kick              |     3 |     8 |    13 |     8 |    26 ||    58
         Dagger            |       |    27 |     5 |       |       ||    32
         Peck              |       |     6 |     5 |    11 |    15 ||    37
         Hand axe          |       |       |    27 |       |       ||    27
         Short sword       |       |       |       |    36 |       ||    36
         Staff             |       |       |       |     7 |    57 ||    64
         Punch             |       |       |       |       |     1 ||     1
  Throw: Javelin           |       |       |       |     2 |       ||     2
   Cast: Shock             |    62 |    55 |    85 |    16 |     1 ||   219
         Static Discharge  |     1 |    10 |    31 |    19 |    11 ||    72
         Airstrike         |       |     2 |    63 |   159 |   259 ||   483
         Mephitic Cloud    |       |       |     3 |     6 |     3 ||    12
         Swiftness         |       |       |     2 |       |       ||     2
         Arcjolt           |       |       |       |    15 |    27 ||    42
         Freezing Cloud    |       |       |       |    26 |    43 ||    69
         Sticky Flame      |       |       |       |     1 |     3 ||     4
         Hailstorm         |       |       |       |     1 |     3 ||     4
  Evoke: Wand              |       |       |       |       |     1 ||     1
    Use: Scroll            |       |       |     9 |    16 |     5 ||    30
         Potion            |       |       |       |     2 |     1 ||     3
   Stab: Sleeping          |     1 |     8 |     2 |     1 |     1 ||    13
         Distracted        |       |       |       |     3 |       ||     3
         Confused          |       |       |       |     1 |       ||     1
         Petrified         |       |       |       |       |     4 ||     4
 Armour: Robe              |     2 |     2 |    11 |       |     8 ||    23
         Steam dragon scal |       |       |     7 |    20 |     9 ||    36
  Dodge: Dodged            |    12 |    31 |    61 |    80 |    77 ||   261
  Block: Other             |       |       |     6 |    18 |    20 ||    44
         Reflection        |       |       |     4 |     1 |       ||     5

Table legend: (Time is in decaauts)
 A = Elapsed time spent in this place.
 B = Non-inter-level travel time spent in this place.
 C = Inter-level travel time spent in this place.
 D = Time resting spent in this place.
 E = Time spent auto-exploring this place.
 F = Levels seen in this place.
 G = Mean time per level.
                   A        B        C        D        E       F      G
               +--------+--------+--------+--------+--------+-----+--------+
         Total |  24386 |  23156 |   1230 |   2438 |  17681 |  20 | 1219.3 |
       Dungeon |  17295 |  16183 |   1112 |   1714 |  12353 |  13 | 1330.4 |
        Temple |     17 |      5 |     12 |      0 |      0 |   1 |   17.0 |
          Lair |   6121 |   6015 |    106 |    560 |   4759 |   5 | 1224.2 |
      Gauntlet |    951 |    951 |      0 |    164 |    567 |   1 |  951.0 |
               +--------+--------+--------+--------+--------+-----+--------+

Top non-repeatable levels by time:
    D:12: 2404 daAuts
    D:10: 1932 daAuts
     D:7: 1872 daAuts
  Lair:1: 1763 daAuts
     D:6: 1739 daAuts
     D:8: 1452 daAuts
     D:5: 1445 daAuts
  Lair:2: 1414 daAuts
     D:4: 1273 daAuts
  Lair:3: 1238 daAuts
     D:2: 1227 daAuts
     D:1: 1176 daAuts
     D:9: 1083 daAuts
    D:11: 991 daAuts
  Lair:5: 961 daAuts
